 Dungeon Crawl Stone Soup version 0.31.0-32-g396128a36d (webtiles) character file.

Game seed: 4148958560150978248

6678 GaersdiConyofus the Summoner (level 11, -8/56 HPs)
             Began as a Tengu Summoner on Mar 26, 2024.
             Was a Follower of Sif Muna.
             Killed from afar by an electric eel (9 damage)
             ... with a bolt of electricity
             ... on level 10 of the Dungeon on Apr 9, 2024.
             The game lasted 00:50:27 (11287 turns).

GaersdiConyofus the Summoner (Tengu Summoner)      Turns: 11287, Time: 00:50:28

Health: -8/56      AC:  7    Str:  8    XL:     11   Next: 3%
Magic:  11/26      EV: 18    Int: 20    God:    Sif Muna [*.....]
Gold:   338        SH:  0    Dex: 15    Spells: 10/30 levels left

rFire   + . .        N - staff of alchemy
rCold   . . .        (no shield)
rNeg    . . .        F - +2 robe {rF+}
rPois   +            (helmet restricted)
rElec   .            P - +0 cloak
rCorr   .            T - +1 pair of gloves
SInv    .            (boots unavailable)
Will    .....        (no amulet)
Stlth   +++          g - ring of wizardry
HPRegen 0.29/turn    (no ring)
MPRegen 0.20/turn

%: acrobat, wizardry (x1)
@: flying, inugami summoned
A: beak, talons 3, evasive flight, acrobatic
a: Renounce Religion, Channel Magic


You were on level 10 of the Dungeon.
You worshipped Sif Muna.
Sif Muna was aware of your devotion.
You visited 2 branches of the dungeon, and saw 11 of its levels.

You collected 464 gold pieces.
You spent 126 gold pieces at shops.

Inventory:

Hand Weapons
 k - a +0 orcbow
 v - the +0 spear of Malum In Se {freeze, rF++ Str-5}
   (You found it on level 3 of the Dungeon)

   Str-5:     It affects your strength (-5).
   rF++:      It greatly protects you from fire.
 B - a +0 rapier
 G - a +3 mace
 H - a +1 vampiric spear
 J - a +4 flail of draining
 O - a +4 quarterstaff of chaos
 X - a +5 falchion
Missiles
 e - 18 poisoned darts
 o - 8 boomerangs
 Z - a throwing net
Armour
 D - a +1 robe of cold resistance
 E - the +2 leather armour of Uvoteguk {Rampage Will- Dex+7 Stlth-}
   (You found it on level 6 of the Dungeon)

   Dex+7:     It affects your dexterity (+7).
   Will-:     It decreases your willpower.
   Rampage:   It bestows one free step when moving towards enemies.
   Stlth-:    It makes you less stealthy.
 F - a +2 robe of fire resistance (worn)
 P - a +0 cloak (worn)
 T - a +1 pair of gloves (worn)
Magical Staves
 N - a staff of alchemy (weapon)
Jewellery
 g - a ring of wizardry (left hand)
Talismans
 s - a maw talisman
 A - a serpent talisman
Wands
 r - a wand of iceblast (8)
 x - a wand of mindburst (28)
 C - a wand of charming (6)
 I - a wand of quicksilver (6)
Scrolls
 a - a scroll of enchant armour
 d - 2 scrolls of noise
 f - 4 scrolls of fear
 i - a scroll of fog
 l - 3 scrolls of blinking
 m - 3 scrolls of teleportation
 q - a scroll of vulnerability
 u - 2 scrolls of revelation
 y - a scroll of identify
 K - a scroll of brand weapon
Potions
 b - 2 potions of magic
 c - a potion of might
 h - 3 potions of heal wounds
 j - 4 potions of haste
 n - 3 potions of degeneration
 p - 4 potions of curing
 t - 2 potions of berserk rage
 w - a potion of cancellation
 z - 2 potions of resistance
 Q - a potion of mutation
 W - 2 potions of attraction


   Skills:
 + Level 1.0 Fighting
 + Level 5.5 Dodging
 + Level 4.1 Stealth
 + Level 10.4 Spellcasting
 + Level 12.7 Summonings
 + Level 2.7 Fire Magic
 + Level 3.2 Air Magic


You had 10 spell levels left.
You knew the following spells:

 Your Spells              Type           Power      Damage    Failure   Level
a - Summon Small Mammal   Summ           100%       N/A       1%          1
b - Call Imp              Summ           100%       N/A       1%          2
c - Call Canine Familiar  Summ           57%        N/A       1%          3
d - Summon Blazeheart Go  Fire/Summ      41%        N/A       1%          4
e - Summon Lightning Spi  Summ/Air       42%        N/A       1%          4
f - Summon Cactus Giant   Summ           28%        N/A       2%          6

Your spell library contained the following spells:

 Spells                   Type           Power      Damage    Failure   Level
 Scorch                   Fire           42%        2d6       1%          2
 Flame Wave               Conj/Fire      15%        2d7       16%         4
 Ignite Poison            Fire/Alch      23%        N/A       16%         4
 Sticky Flame             Fire/Alch      23%        2d6       16%         4
 Ignition                 Fire           10%        3d5       100%        8


Dungeon Overview and Level Annotations

Branches:
Dungeon (10/15)            Temple (1/1) D:6
   Lair: D:8-11         Orc: D:9-12

Altars:
Ashenzari
Cheibriados
Dithmenos
Elyvilon
Fedhas
Gozag
Hepliaklqana
Kikubaaqudgha
Makhleb
Nemelex Xobeh
Okawaru
Qazlal
Ru
Sif Muna
Trog
Uskayaw
Vehumet
Wu Jian
Xom
Yredelemnul
Zin

Shops:
D:2 !   D:5 *   D:8 !


Innate Abilities, Weirdness & Mutations

You have a beak for a mouth.
You have claws for feet.
Your magical flight helps you evade attacks. (EV +4)
You can magically evade attacks while moving or waiting.


Message History

Your cactus giant disappears in a puff of smoke!
Your inugami disappears in a puff of smoke!
Things that are here:
2 large rocks; a cyclops corpse
Found a pair of gloves.
An electric eel comes into view.
Casting: Summon Cactus Giant (dangerous; 2% risk of failure)
Confirm with . or Enter, or press ? or * to list all spells.
An electric hum fills the air.
A centaur comes into view.
The electric eel shoots out a bolt of lightning at you!
The bolt of electricity hits you!
Casting: Summon Lightning Spire (dangerous; 1% risk of failure)
Confirm with . or Enter, or press ? or * to list all spells.
You call for your canine familiar and it appears with a howl!
The centaur wields a +0 shortbow.
The centaur shoots an arrow.
The arrow hits you!
The electric eel shoots out a bolt of lightning at you!
The bolt of electricity hits your inugami!
The bolt of electricity hits you!
An electric eel comes into view.
Casting: Call Canine Familiar (safe; 1% risk of failure)
Confirm with . or Enter, or press ? or * to list all spells.
The centaur shoots an arrow.
The arrow barely misses you.
The arrow hits your lightning spire but does no damage.
The centaur shoots an arrow.
The arrow hits you!
* * * LOW HITPOINT WARNING * * *
Casting: Summon Cactus Giant (dangerous; 2% risk of failure)
Confirm with . or Enter, or press ? or * to list all spells.
A tiny devil pulls itself out of the air.
The centaur shoots an arrow.
The arrow closely misses you.
The arrow hits your lightning spire but does no damage.
The electric eel shoots out a bolt of lightning at you!
The bolt of electricity hits your cactus giant.
The bolt of electricity hits you!
* * * LOW HITPOINT WARNING * * *
The electric eel shoots out a bolt of lightning at you!
The bolt of electricity hits your cactus giant!
The bolt of electricity hits you!
You die...

.~≈≈≈≈≈≈~~............#.
~≈≈≈≈≈≈≈~≈≈~..).......#.
~≈≈≈≈≈≈≈≈≈≈...........#.
~≈≈≈≈≈≈≈≈≈~~..........#.
~~≈≈≈≈≈≈≈≈≈...........##
≈S≈≈≈≈≈≈≈≈≈~..........##
≈≈≈≈≈≈5~#######...#.#.##
~S~≈≈≈Ch8...# #...#.#.##
...~≈≈#@###.# #...#.#.##
..~≈≈ #.# #.# #...#.....
.[~~ #.# #.###...###.##
... c.# #.#...........
## ### #.#.#######.##
#.#.........##
#.#...........
#.###.########
#.#...........


You could see a centaur, 2 electric eels, a friendly lightning spire (summoned),
a friendly cactus giant (summoned), a friendly cerulean imp (summoned) and a
friendly inugami (summoned).

Vanquished Creatures
  Prince Ribbit (D:7)
  A yak (D:9)
  An ogre (D:6)
  A killer bee (D:8)
  A howler monkey (D:9)
  An iguana (D:4)
  2 gnolls (D:3)
  An adder (D:4)
  A shadow imp (D:7)
  An orc (D:3)
  A hobgoblin (D:3)
  A ball python (D:3)
13 creatures vanquished.

Vanquished Creatures (collateral kills)
  The ghost of Marvel the Cleaver, a novice HOFi of Okawaru (D:9)
  A cyclops (D:10)
  An unseen horror (D:8)
  A troll (D:9)
  A wyvern (D:10)
  8 yaks (D:9)
  Edmund (D:5)
  Menkaure (D:5)
  4 water moccasins
  A black bear (D:6)
  2 orc warriors (D:9)
  2 ice beasts
  An ogre (D:3)
  A centaur (D:8)
  3 bullfrogs
  A gnoll sergeant (D:9)
  5 scorpions
  2 kobold brigands
  7 wights
  4 killer bees (D:10)
  4 howler monkeys
  3 bombardier beetles
  2 hounds
  An orc priest (D:8)
  A sleepcap (D:4)
  Crazy Yiuf (D:5)
  Natasha (D:4)
  4 iguanas
  7 orc wizards
  10 gnolls
  5 adders
  A shadow imp (D:6)
  4 ufetubi
  2 ribbon worms
  3 dart slugs
  39 orcs
  9 bats
  10 endoplasms
  3 giant cockroaches (D:2)
  10 goblins
  9 hobgoblins
  4 jackals (D:3)
  10 kobolds
  6 quokkas
  7 ball pythons
  3 frilled lizards (D:2)
  4 rats
211 creatures vanquished.

Vanquished Creatures (others)
  7 blazeheart cores
7 creatures vanquished.

Grand Total: 231 creatures vanquished

Notes
Turn   | Place    | Note
-------+----------+-------------------------------------------
     0 | D:1      | GaersdiConyofus the Tengu Summoner began the quest for the
                  | Orb.
     0 | D:1      | Reached XP level 1. HP: 10/10 MP: 4/4
    65 | D:1      | Reached skill level 5 in Summonings
    75 | D:1      | Reached XP level 2. HP: 15/15 MP: 3/6
    79 | D:1      | Learned a level 2 spell: Call Imp
   886 | D:1      | Reached XP level 3. HP: 19/19 MP: 4/7
   890 | D:1      | Learned a level 3 spell: Call Canine Familiar
   994 | D:1      | Found a faded altar of an unknown god.
  1343 | D:2      | Found Loystesyoc's Distillery.
  1381 | D:2      | Bought a potion of degeneration for 14 gold pieces
  1740 | D:2      | Reached XP level 4. HP: 24/24 MP: 6/9
  2669 | D:3      | Reached skill level 6 in Summonings
  2808 | D:3      | Reached XP level 5. HP: 22/28 MP: 4/11
  3064 | D:3      | Noticed an ogre
  3074 | D:3      | Killed an ogre
  3075 | D:3      | Reached XP level 6. HP: 32/32 MP: 9/13
  3312 | D:3      | Identified the +0 spear of Malum In Se {freeze, rF++ Str-5}
  4080 | D:4      | Learned a level 4 spell: Summon Blazeheart Golem
  4085 | D:4      | Learned a level 4 spell: Summon Lightning Spire
  4255 | D:4      | Reached skill level 5 in Spellcasting
  4255 | D:4      | Reached skill level 7 in Summonings
  4298 | D:4      | Gained mutation: Your magical flight helps you evade
                  | attacks. (EV +4) [Tengu growth]
  4298 | D:4      | Reached XP level 7. HP: 36/36 MP: 11/15
  4893 | D:4      | Noticed Natasha
  4903 | D:4      | Killed Natasha
  5272 | D:5      | Entered Level 5 of the Dungeon
  5309 | D:5      | You are sucked into a shaft and drop 3 floors!
  5652 | D:7      | Reached XP level 8. HP: 42/42 MP: 12/18
  5726 | D:6      | Reached skill level 8 in Summonings
  5816 | D:6      | Reached skill level 1 in Air Magic
  6022 | D:6      | Reached skill level 9 in Summonings
  6022 | D:6      | Reached skill level 1 in Fire Magic
  6137 | D:6      | Found a staircase to the Ecumenical Temple.
  6144 | D:6      | Identified the +2 leather armour of Uvoteguk {Rampage Will-
                  | Dex+7 Stlth-}
  6178 | D:7      | Learned a level 6 spell: Summon Cactus Giant
  6654 | D:7      | Noticed Prince Ribbit
  6672 | D:7      | Killed Prince Ribbit
  6673 | D:7      | Reached XP level 9. HP: 46/46 MP: 3/20
  6880 | D:7      | Found a sacrificial altar of Ru.
  6984 | Temple   | Entered the Ecumenical Temple
  7014 | Temple   | Became a worshipper of Sif Muna the Loreminder
  7236 | D:7      | Reached skill level 5 in Dodging
  7237 | D:7      | Reached skill level 10 in Summonings
  7586 | D:5      | Found Zeiqufiuni's General Store.
  7730 | D:5      | Noticed Menkaure
  7738 | D:5      | Killed Menkaure
  7868 | D:5      | Found a basalt altar of Yredelemnul.
  7873 | D:5      | Noticed Edmund
  7893 | D:5      | Killed Edmund
  8315 | D:5      | Reached * piety under Sif Muna
  8616 | D:5      | Found a runed translucent door.
  8617 | D:5      | Noticed Crazy Yiuf
  8625 | D:5      | Killed Crazy Yiuf
  8809 | D:2      | Bought a potion of mutation for 112 gold pieces
  9039 | D:8      | Killed an unseen horror
  9040 | D:8      | Reached skill level 11 in Summonings
  9199 | D:8      | Reached XP level 10. HP: 35/51 MP: 16/23
  9261 | D:8      | Found a stormy altar of Qazlal.
  9269 | D:8      | Found a bloodstained altar of Trog.
  9295 | D:8      | Found Fyrasoudo's Distillery.
  9590 | D:8      | Found a burning altar of Makhleb.
  9655 | D:9      | Found a runed translucent door.
  9660 | D:9      | Noticed Marvel's ghost (novice HOFi)
  9677 | D:9      | Killed Marvel's ghost
  9678 | D:9      | Reached skill level 1 in Fighting
  9914 | D:9      | Reached skill level 12 in Summonings
 10362 | D:9      | Reached skill level 10 in Spellcasting
 10705 | D:10     | Entered Level 10 of the Dungeon
 11109 | D:10     | Noticed a cyclops
 11115 | D:10     | Killed a cyclops
 11116 | D:10     | Reached XP level 11. HP: 56/56 MP: 20/26
 11287 | D:10     | HP: 1/56 [electric eel/bolt of electricity (8)]
 11287 | D:10     | Killed from afar by an electric eel

Illustrated notes

Levels and vault maps discovered:
D:1:      shiori_arrival_oz, layout_loops_cross,
          hellmonk_ecumenical_altar_arch_garden, minmay_misc_feat_plants
D:2:      layout_loops_ring, serial_shops, nicolae_shop_peninsula,
          serial_bayou_pond_a, minmay_misc_feat_alley, minmay_quadrilaterals
D:3:      layout_basic, minmay_misc_feat_roman, minivault_4,
          chequers_serial_rivers_small_3
D:4:      nicolae_BIG_FREAKIN_CUBE, layout_gridville, uniq_natasha
D:5:      layout_cave_pools, mainiacjoe_overflow_tiny_flanked, serial_shops,
          shop, wad_floor_pattern_untrapped, uniq_edmund, uniq_menkaure,
          uniq_crazy_yiuf_cottage
D:6:      layout_gridville, general_overflow_altar,
          minmay_temple_entry_from_below_a
D:7:      layout_loops_cross, mainiacjoe_overflow_alcove_1,
          nicolae_figureground_pulse, uniq_prince_ribbit1
D:8:      layout_rooms, lemuel_doored_altar, jmf_multi_god_temple2,
          serial_shops, kennysheep_mini_moat, kennysheep_generic_room_10
D:9:      layout_rooms, hellmonk_ghost_happy_afterlife
D:10:     layout_basic
Temple:   minmay_temple_bridge_d

Skill      XL: |  1  2  3  4  5  6  7  8  9 10 |
---------------+-------------------------------+-----
Summonings     | 5 6 7 9 11 12 | 12.7
Spellcasting   | 3 4 5 6 7 8 10 | 10.4
Dodging        | 3 4 5 |  5.5
Air Magic      | 2 3 |  3.2
Fire Magic     | 1 2 |  2.7
Stealth        | 3 4 |  4.1
Fighting       | 1 |  1.0

Action                     |  1- 3 |  4- 6 |  7- 9 | 10-12 || total
---------------------------+-------+-------+-------+-------++-------
  Melee: Dagger            |     2 |    12 |       |       ||    14
         Kick              |     1 |     2 |     5 |     5 ||    13
         Peck              |     1 |     2 |     3 |     1 ||     7
         Punch             |       |     1 |       |     1 ||     2
         Spear             |       |       |    18 |       ||    18
         Staff             |       |       |       |     9 ||     9
   Cast: Summon Small Mamm |    30 |    16 |     7 |     1 ||    54
         Call Imp          |    19 |    12 |    28 |    10 ||    69
         Call Canine Famil |     7 |    19 |    30 |     9 ||    65
         Summon Blazeheart |       |     2 |    15 |     3 ||    20
         Summon Lightning  |       |       |    14 |     5 ||    19
         Summon Cactus Gia |       |       |    14 |    13 ||    27
    Use: Scroll            |     3 |       |    12 |     7 ||    22
         Potion            |       |       |     3 |     1 ||     4
   Stab: Sleeping          |       |     1 |     1 |       ||     2
         Distracted        |       |       |     2 |     1 ||     3
 Armour: Robe              |     8 |    15 |    25 |    23 ||    71
  Dodge: Dodged            |    33 |    25 |   110 |    36 ||   204
